 Dungeon Crawl Stone Soup version 0.31-a0-632-g766dd24fdf (webtiles) character file.

Game seed: 12614210331806431561

7521 LustLizard the Zephyrmancer (level 10, -2/54 HPs)
             Began as a Deep Elf Air Elementalist on Aug 25, 2023.
             Was a Priest of Hepliaklqana.
             Slain by a centaur warrior simulacrum (5 damage)
             ... on level 11 of the Dungeon.
             The game lasted 00:20:57 (9596 turns).

LustLizard the Zephyrmancer (DEAE)                  Turns: 9596, Time: 00:20:58

Health: -2/54      AC: 11    Str:  7    XL:     10   Next: 95%
Magic:  2/26       EV: 19    Int: 21    God:    Hepliaklqana [***...]
Gold:   454        SH:  0    Dex: 17    Spells: 11/30 levels left

rFire   . . .        e - staff of earth
rCold   . . .        (no shield)
rNeg    . . .        a - +0 robe
rPois   +            I - +2 helmet "Zisyahuru" {rPois Regen+ SInv}
rElec   .            r - +0 cloak
rCorr   .            o - +0 pair of gloves
SInv    +            (no boots)
Will    +....        u - amulet of magic regeneration
Stlth   +++          h - +4 ring of protection
HPRegen 1.09/turn    i - +5 ring of evasion
MPRegen 0.60/turn

%: no passive effects
@: no status effects
A: reduced essence
a: Renounce Religion, Recall Ancestor, Ancestor Identity, Transference


You were on level 11 of the Dungeon.
You worshipped Hepliaklqana.
Hepliaklqana was most pleased with you.
You visited 1 branch of the dungeon, and saw 11 of its levels.

You collected 806 gold pieces.
You spent 352 gold pieces at shops.

Inventory:

Missiles
 j - 32 poisoned darts
 D - 2 throwing nets
Armour
 a - a +0 robe (worn)
 o - a +0 pair of gloves (worn)
 r - a +0 cloak (worn)
 F - the +10 plate armour "Lasof" {rF++ Dex+3 Stlth-}
   (You found it on level 8 of the Dungeon)

   Dex+3:     It affects your dexterity (+3).
   rF++:      It greatly protects you from fire.
   Stlth-:    It makes you less stealthy.
 I - the +2 helmet "Zisyahuru" (worn) {rPois Regen+ SInv}
   (You found it on level 9 of the Dungeon)

   rPois:     It protects you from poison SInv: It lets you see invisible.
   Regen+:    It increases your rate of health regeneration.
 P - a +2 kite shield
Magical Staves
 e - a staff of earth (weapon)
Jewellery
 h - a +4 ring of protection (left hand)
 i - a +5 ring of evasion (right hand)
 p - a +6 ring of strength
 s - a ring of protection from cold
 u - an amulet of magic regeneration (around neck)
 G - a ring of flight
 H - a +5 ring of evasion
Wands
 n - a wand of quicksilver (2)
 x - a wand of charming (10)
 B - a wand of iceblast (20)
 C - a wand of polymorph (10)
 L - a wand of flame (24)
Scrolls
 c - 2 scrolls of revelation
 f - 5 scrolls of teleportation
 g - a scroll of vulnerability
 k - 2 scrolls of enchant weapon
 l - a scroll of brand weapon {unknown}
 t - a scroll of noise {unknown}
 v - a scroll of fog {unknown}
 y - a scroll of enchant armour
 z - 3 scrolls of amnesia
 J - a scroll of poison {unknown}
 M - a scroll of fear {unknown}
 N - a scroll of immolation {unknown}
Potions
 b - 2 potions of magic
 d - 2 potions of ambrosia
 m - 3 potions of curing
 q - 2 potions of attraction
 w - a potion of mutation
 A - a potion of lignification
 E - a potion of haste
 K - a potion of brilliance {unknown}
 O - a potion of berserk rage {unknown}


   Skills:
 + Level 6.5 Fighting
 + Level 5.2 Dodging
 - Level 4.0 Stealth
 + Level 1.2 Shields
 + Level 10.7 Spellcasting
 - Level 2.6 Conjurations
 * Level 2.0 Fire Magic
 + Level 11.4 Air Magic
 + Level 2.8 Invocations


You had 11 spell levels left.
You knew the following spells:

 Your Spells              Type           Power      Damage    Failure   Level
a - Shock                 Conj/Air       100%       1d9       1%          1
b - Static Discharge      Conj/Air       80%        2-6/arc   1%          2
c - Swiftness             Air            56%        N/A       1%          3
d - Airstrike             Air            28%        2d(4-20)  1%          4
e - Mephitic Cloud        Conj/Pois/Air  30%        N/A       2%          3
f - Plasma Beam           Fire/Air       19%        2x1d31    52%         6

Your spell library contained the following spells:

 Spells                   Type           Power      Damage    Failure   Level
 Magic Dart               Conj           88%        1d7       1%          1
 Cigotuvi's Dreadful Rot  Necr/Pois/Air  54%        N/A       1%          2
 Foxfire                  Conj/Fire      84%        2x1d8     2%          1
 Call Imp                 Summ           22%        N/A       9%          2
 Dazzling Flash           Conj/Hex       32%        N/A       11%         3
 Silence                  Hex/Air        17%        N/A       16%         5
 Dispel Undead            Necr           11%        3d9       52%         4
 Agony                    Necr           11%        N/A       86%         5
 Starburst                Conj/Fire      10%        6d5       98%         6
 Death Channel            Necr           5%         N/A       100%        6


Dungeon Overview and Level Annotations

Branches:
Dungeon (11/15)            Temple (0/1) D:7            Lair (0/5) D:8
    Orc (0/2) D:10

Altars:
Cheibriados
Fedhas
Hepliaklqana
Makhleb
Qazlal
Trog
Vehumet
Wu Jian

Shops:
D:4 (   D:10 :


Message History

You kill the polar bear!
Unknown command. Æðelind hits the yak with a +0 flail!
The centaur warrior simulacrum attacks as it pursues you!
The centaur warrior simulacrum hits you but does no damage.
The centaur warrior simulacrum completely misses you.
The centaur warrior simulacrum attacks as it pursues you!
The centaur warrior simulacrum barely misses you.
The centaur warrior simulacrum kicks you but does no damage. Æðelind hits the yak with a +0 flail!
The centaur warrior simulacrum hits you!
The centaur warrior simulacrum freezes you!
The centaur warrior simulacrum kicks you but does no damage.
The centaur warrior simulacrum attacks as it pursues you!
The centaur warrior simulacrum closely misses you.
The centaur warrior simulacrum kicks you but does no damage.
Casting: Airstrike (dangerous; 1% risk of failure)
Confirm with . or Enter, or press ? or * to list all spells.
Aiming: Airstrike (dangerous; 1% risk of failure)
Press: ? - help, Dir - move target, f - yak
Aim: a yak (heavily wounded, empty space bonus: 7/8)
The air twists around and strikes the yak!!
You kill the yak!
The centaur warrior simulacrum hits you but does no damage.
The centaur warrior simulacrum completely misses you.
Your Fire Magic skill increases to level 2!
Casting: Airstrike (dangerous; 1% risk of failure)
Confirm with . or Enter, or press ? or * to list all spells.
Aiming: Airstrike (dangerous; 1% risk of failure)
Press: ? - help, Dir - move target, f - centaur warrior simulacrum
Aim: a centaur warrior simulacrum (ally target, empty space bonus: 2/8)
The air twists around and strikes the centaur warrior simulacrum!
The centaur warrior simulacrum is moderately damaged.
The centaur warrior simulacrum hits you!
The centaur warrior simulacrum freezes you!!
Ouch! That really hurt!
* * * LOW HITPOINT WARNING * * *
The centaur warrior simulacrum kicks you but does no damage.
The centaur warrior simulacrum hits you.
You die...

#...........
.##########........... #
.<.................... ..
...................... ...
...................... ....
######..############## .....
######..##############
......#...##................
.....~R†..Z@................
~~.~≈.~~.########...........
..=.~.~~.# #...#######.
~...~~≈...#######...#######.
~~~~~~≈~....................
.~~....~....................
~≈~~~..~.########...........
≈~~~..~~.########...........
...........(........


You could see the friendly Æðelind the knight and a centaur warrior simulacrum
(ally target).

Vanquished Creatures
  A kobold demonologist (D:9)
  A polar bear (D:11)
  2 trolls
  Prince Ribbit (D:8)
  A shadow (D:9)
  A wraith (D:10)
  A yak (D:11)
  A steam dragon (D:8)
  A basilisk (D:8)
  2 wyverns (D:8)
  3 water moccasins (D:8)
  A sky beast (D:7)
  2 black bears
  7 orc warriors
  2 ice beasts
  6 ogres
  2 wolves (D:8)
  5 centaurs
  A phantom (D:5)
  5 kobold brigands
  4 bullfrogs
  2 gnoll sergeants
  2 scorpions
  9 wights
  An electric eel (D:11)
  A howler monkey (D:7)
  3 jellies
  4 orc priests
  4 gnoll boudas (D:8)
  A hound (D:7)
  A sleepcap (D:7)
  5 iguanas
  11 orc wizards
  Terence (D:3)
  3 adders
  25 gnolls
  A shadow imp (D:8)
  2 white imps
  3 ufetubi
  2 dart slugs (D:1)
  40 orcs
  9 ball pythons
  8 bats
  3 endoplasms
  2 giant cockroaches (D:3)
  7 goblins
  7 hobgoblins
  5 quokkas
  3 frilled lizards
  20 kobolds
  9 rats
244 creatures vanquished.

Vanquished Creatures (collateral kills)
  A wyvern (D:8)
  A black bear (D:8)
  A kobold brigand (D:7)
  2 gnolls (D:8)
  A white imp (D:11)
  3 orcs
  3 kobolds (D:7)
12 creatures vanquished.

Vanquished Creatures (others)
  3 ancestors (D:8)
3 creatures vanquished.

Grand Total: 259 creatures vanquished

Notes
Turn   | Place    | Note
-------+----------+-------------------------------------------
     0 | D:1      | LustLizard the Deep Elf Air Elementalist began the quest
                  | for the Orb.
     0 | D:1      | Reached XP level 1. HP: 10/10 MP: 6/6
   258 | D:1      | Reached XP level 2. HP: 15/15 MP: 4/8
   261 | D:1      | Learned a level 2 spell: Static Discharge
   577 | D:1      | Found a faded altar of an unknown god.
   915 | D:1      | Reached XP level 3. HP: 20/20 MP: 6/9
  1286 | D:2      | Learned a level 3 spell: Swiftness
  1722 | D:2      | Found a blossoming altar of Fedhas.
  1982 | D:3      | Reached skill level 1 in Fighting
  2173 | D:3      | Reached XP level 4. HP: 15/25 MP: 1/11
  2295 | D:3      | Noticed Terence
  2321 | D:3      | Killed Terence
  2322 | D:3      | Reached skill level 4 in Air Magic
  2546 | D:3      | Learned a level 4 spell: Airstrike
  2666 | D:3      | Found a burning altar of Makhleb.
  2740 | D:4      | Reached XP level 5. HP: 29/29 MP: 5/13
  3169 | D:4      | Found Pescheadi's Antique Weapon Boutique.
  3545 | D:5      | Entered Level 5 of the Dungeon
  3651 | D:5      | Reached skill level 5 in Air Magic
  3651 | D:5      | Reached XP level 6. HP: 31/35 MP: 8/15
  3884 | D:5      | Reached skill level 5 in Spellcasting
  3947 | D:5      | Reached XP level 7. HP: 38/40 MP: 12/17
  3966 | D:5      | Learned a level 3 spell: Mephitic Cloud
  4041 | D:5      | Reached skill level 6 in Air Magic
  4618 | D:5      | Found a hazy altar of Hepliaklqana.
  4626 | D:5      | Became a worshipper of Hepliaklqana the Forgotten
  4868 | D:6      | Found a stormy altar of Qazlal.
  5001 | D:6      | Found a radiant altar of Vehumet.
  5068 | D:6      | Reached skill level 7 in Air Magic
  5068 | D:6      | Reached XP level 8. HP: 46/46 MP: 17/19
  5089 | D:6      | Found a blossoming altar of Fedhas.
  5092 | D:6      | Found a bloodstained altar of Trog.
  5096 | D:6      | Found an ornate altar of the Wu Jian Council.
  5422 | D:7      | Reached * piety under Hepliaklqana
  5461 | D:7      | Reached skill level 8 in Air Magic
  5696 | D:7      | Found a staircase to the Ecumenical Temple.
  6232 | D:8      | Reached XP level 9. HP: 46/46 MP: 15/23
  6312 | D:8      | Reached skill level 9 in Air Magic
  6430 | D:8      | Reached skill level 5 in Fighting
  6542 | D:8      | Found a snail-covered altar of Cheibriados.
  6643 | D:8      | Reached skill level 10 in Air Magic
  6977 | D:8      | Reached XP level 10. HP: 54/54 MP: 14/25
  7018 | D:8      | Found a staircase to the Lair.
  7107 | D:8      | Identified the +10 plate armour "Lasof" {rF++ Dex+3 Stlth-}
  7161 | D:8      | Reached ** piety under Hepliaklqana
  7164 | D:8      | Remembered your ancestor Æðelind as a knight
  7368 | D:8      | Noticed Prince Ribbit
  7370 | D:8      | Killed Prince Ribbit
  7371 | D:8      | Reached skill level 10 in Spellcasting
  7776 | D:8      | Reached skill level 11 in Air Magic
  7839 | D:8      | Reached skill level 1 in Invocations
  8277 | D:9      | Identified the +2 helmet "Zisyahuru" {rPois Regen+ SInv}
  8658 | D:10     | Entered Level 10 of the Dungeon
  8884 | D:10     | Reached *** piety under Hepliaklqana
  9011 | D:10     | Found a staircase to the Orcish Mines.
  9055 | D:10     | Found Buic's Book Emporium.
  9062 | D:10     | Bought a book of Fire for 352 gold pieces
  9069 | D:10     | Learned a level 6 spell: Plasma Beam
  9385 | D:11     | Reached skill level 5 in Dodging
  9385 | D:11     | Reached skill level 1 in Shields
  9385 | D:11     | Reached skill level 1 in Fire Magic
  9596 | D:11     | Slain by a centaur warrior simulacrum

Illustrated notes

Levels and vault maps discovered:
D:1:      lemuel_arrival_hallway, layout_rooms,
          chequers_ecumenical_altar_simple, minmay_cut_off
D:2:      layout_loops_ring, basic_altar, minmay_hedge_maze
D:3:      layout_rooms, mainiacjoe_overflow_alcove_4, uniq_terence
D:4:      layout_basic, serial_shops, shop
D:5:      layout_loops_ring, worldfamousw_hep_ancestral_shrine
D:6:      layout_basic, mainiacjoe_overflow_catwalk_spiral,
          grunt_temple_overflow_diamond, dreamdust_wishing_well
D:7:      layout_cave_pods, minmay_temple_entry_ruins
D:8:      kennysheep_seaside_town, layout_gridville,
          mainiacjoe_overflow_chevrons, minmay_lair_entry_grove,
          hangedman_abyss_or_decor_jellyfish_corner, minmay_diced_spiral,
          uniq_prince_ribbit1
D:9:      layout_basic
D:10:     layout_basic, hiddenorc1_lemuel, serial_shops, shop, st_stairs_13
D:11:     layout_long_grid, serial_ice, serial_ice_d, serial_ice_j,
          serial_ice_g, serial_ice_e, serial_ice_b, serial_ice_f

Skill      XL: |  1  2  3  4  5  6  7  8  9 10 |
---------------+-------------------------------+-----
Stealth        | 3 4 |  4.0
Fighting       | 1 2 3 4 5 6 |  6.5
Air Magic      | 4 5 7 8 10 11 | 11.4
Spellcasting   | 4 5 6 8 9 10 | 10.7
Dodging        | 3 5 |  5.2
Invocations    | 2 |  2.8
Conjurations   | 2 |  2.6
Shields        | 1 |  1.2
Fire Magic     | 2 |  2.0

Action                     |  1- 3 |  4- 6 |  7- 9 | 10-12 || total
---------------------------+-------+-------+-------+-------++-------
  Melee: Staff             |       |       |     6 |     4 ||    10
   Cast: Shock             |    99 |    87 |   124 |   109 ||   419
         Static Discharge  |     3 |    18 |    23 |     4 ||    48
         Airstrike         |       |     1 |    87 |    70 ||   158
         Swiftness         |       |     1 |       |       ||     1
 Invoke: Ancestor Life: Kn |       |       |       |     1 ||     1
    Use: Scroll            |     3 |     2 |     5 |     4 ||    14
   Stab: Distracted        |       |       |     1 |       ||     1
 Armour: Robe              |     5 |     6 |    11 |     7 ||    29
  Dodge: Dodged            |     8 |    18 |    54 |    21 ||   101

Table legend: (Time is in decaauts)
 A = Elapsed time spent in this place.
 B = Non-inter-level travel time spent in this place.
 C = Inter-level travel time spent in this place.
 D = Time resting spent in this place.
 E = Time spent auto-exploring this place.
 F = Levels seen in this place.
 G = Mean time per level.
                   A        B        C        D        E       F      G
               +--------+--------+--------+--------+--------+-----+--------+
         Total |   9601 |   9264 |    337 |    137 |   7727 |  11 |  872.8 |
       Dungeon |   9601 |   9264 |    337 |    137 |   7727 |  11 |  872.8 |
               +--------+--------+--------+--------+--------+-----+--------+

Top non-repeatable levels by time:
     D:8: 1760 daAuts
     D:5: 1115 daAuts
     D:1: 1021 daAuts
     D:7: 921 daAuts
     D:3: 895 daAuts
     D:4: 841 daAuts
     D:2: 784 daAuts
    D:10: 713 daAuts
     D:9: 706 daAuts
     D:6: 616 daAuts
    D:11: 223 daAuts
